 Dungeon Crawl Stone Soup version 0.25-a0-571-gb5e01bddfa (webtiles) character file.

Game seed: 12125768634151060682, levelgen mode: deterministic

645 ReteAZ the Insei (level 7, -5/60 HPs)
             Began as a Gnoll Chaos Knight on Feb 29, 2020.
             Was a Plaything of Xom.
             Slain by a gnoll
             ... wielding a +0 spear
              (7 damage)
             ... on level 5 of the Dungeon.
             The game lasted 00:06:30 (3925 turns).

ReteAZ the Insei (Gnoll Chaos Knight)               Turns: 3925, Time: 00:06:31

Health: -5/60      AC:  6    Str: 13 (14) XL:     7   Next: 52%
Magic:  10/10      EV: 12    Int: 14 (16) God:    Xom [.....*]
Gold:   290        SH:  0    Dex: 14 (15) Spells: 11/11 levels left

rFire    . . .     SeeInvis .     - Unarmed
rCold    . . .     Gourm    .   (no shield)
rNeg     . . .     Faith    .   g - +0 ring mail (curse)
rPois    +         Spirit   .   (no helmet)
rElec    .         Reflect  .   (no cloak)
rCorr    .         Harm     .   (no gloves)
MR       .....                  (no boots)
Stlth    +.........             (no amulet)
HPRegen  0.20/turn              t - ring of poison resistance
MPRegen  0.12/turn              (no ring)

@: marked, glowing
A: distributed training, claws 1, fangs 1, strong nose
a: Renounce Religion


You were on level 5 of the Dungeon.
You worshipped Xom.
You were Xom's teddy bear.
You were hungry.

You visited 1 branch of the dungeon, and saw 7 of its levels.
You also visited: Ossuary.

You collected 290 gold pieces.

Inventory:

Hand Weapons
 h - a +0 dagger of venom
 s - a +1 short sword of venom
Missiles
 e - 22 poisoned darts (quivered)
 r - 57 sling bullets
 v - 19 stones
 y - 2 boomerangs
Armour
 a - a +2 leather armour
 g - a cursed +0 ring mail (worn)
 j - a +0 plate armour
Jewellery
 t - a ring of poison resistance (left claw)
 u - an uncursed amulet of harm {unknown}
 A - a +3 amulet of reflection {unknown}
Wands
 z - a wand of paralysis (10)
Scrolls
 c - a scroll of blinking {unknown}
 d - 2 scrolls of amnesia {unknown}
 f - 5 scrolls of teleportation {unknown}
 n - 4 scrolls of enchant weapon {unknown}
 p - 2 scrolls of enchant armour {unknown}
 q - 8 scrolls of identify {unknown}
 w - 3 scrolls of remove curse {unknown}
 D - a scroll of noise {unknown}
Potions
 i - a potion of ambrosia {unknown}
 k - 2 potions of magic
 l - a potion of brilliance {unknown}
 m - 3 potions of curing
 o - 2 potions of degeneration
 x - a potion of flight {unknown}
 B - 2 potions of lignification {unknown}
 C - 2 potions of mutation {unknown}
Comestibles
 b - 10 rations


   Skills:
 + Level 7.0 Fighting
 + Level 2.5 Short Blades
 + Level 2.5 Long Blades
 + Level 2.5 Axes
 + Level 2.5 Maces & Flails
 + Level 2.5 Polearms
 + Level 2.5 Staves
 + Level 2.5 Slings
 + Level 2.5 Bows
 + Level 2.5 Crossbows
 + Level 2.5 Throwing
 + Level 5.2 Armour
 + Level 3.6 Dodging
 + Level 2.5 Stealth
 + Level 2.5 Shields
 + Level 7.0 Unarmed Combat
 + Level 2.5 Spellcasting
 + Level 2.0 Conjurations
 + Level 2.0 Hexes
 + Level 2.0 Charms
 + Level 2.0 Summonings
 + Level 2.0 Necromancy
 + Level 2.0 Translocations
 + Level 2.0 Transmutations
 + Level 2.0 Fire Magic
 + Level 2.0 Ice Magic
 + Level 2.0 Air Magic
 + Level 2.0 Earth Magic
 + Level 2.0 Poison Magic
 + Level 2.7 Invocations
 + Level 2.5 Evocations


You had 11 spell levels left.
You didn't know any spells.
Your spell library contained the following spells:

 Spells                   Type           Power        Failure   Level  Hunger
 Sandblast                Erth           #.....       19%         1    #......
 Shock                    Conj/Air       #...         19%         1    #......
 Passwall                 Tmut/Erth      #.......     28%         2    ###....
 Swiftness                Chrm/Air       #.......     28%         2    ###....
 Static Discharge         Conj/Air       #.......     50%         3    ###....
 Stone Arrow              Conj/Erth      #.....       50%         3    ###....
 Airstrike                Air            #.........   88%         4    #####..
 Petrify                  Tmut/Erth      #.......     88%         4    #####..
 Lee's Rapid Deconstruct  Erth           #.........   99%         5    ######.
 Lightning Bolt           Conj/Air       #.........   99%         5    ######.


Dungeon Overview and Level Annotations

Branches:
Dungeon (7/15)            Ossuary (visited)
 Temple: D:4-7

Altars:
Ru

Annotations:
D:5 Menkaure
D:7 2 transporters


Innate Abilities, Weirdness & Mutations

Your experience applies equally to all skills.
You have very sharp teeth.
Your uncanny sense of smell can sniff out nearby items.
You have sharp fingernails.


Message History

The gnoll barely misses you.
It was a potion of degeneration.
There was something very wrong with that liquid.
You feel weakened.
You feel dopey.
You feel clumsy. The centaur zombie closely misses you.
The gnoll hits you from afar with a +0 spear.
* * * LOW HITPOINT WARNING * * *
Menkaure, Prince of Dust comes into view.
The centaur zombie hits you but does no damage.
Okay, then.
Okay, then.
It was a potion of magic.
Magic courses through your body.
Xom thinks this is hilarious!
The gnoll is no longer moving quickly.
The gnoll hits you from afar with a +0 spear.
* * * LOW HITPOINT WARNING * * *
The centaur zombie misses you.
The gnoll hits you from afar with a +0 spear!
You die...
Xom giggles madly!

######### #.. .
#.......######### ##.. ### . #
#.....(Fg)@Z.# #... #.# .
..##.##(#######M## #..###.###.
.......(..........##..#.....#.
..#..g#......##.#.....###.###.
#.c....$...##.#####...#.#...
.......)................#'#...
.###.###............#.........
#.........###.##.###.####.. #
#....#####.........# ##.


You could see Menkaure, a bullfrog, a gnoll and a centaur zombie.

Vanquished Creatures
  A bullfrog (D:4)
  A crimson imp (D:7)
  A hound (D:6)
  3 orc priests
  A gnoll shaman (D:5)
  An iguana (D:4)
  2 orc wizards
  A hound zombie (Ossuary)
  4 mummies (Ossuary)
  2 adders (D:3)
  6 gnolls
  2 oozes
  An adder zombie (D:5)
  5 worms
  A dart slug (D:1)
  A leopard gecko (D:5)
  10 orcs
  5 bats
  2 giant cockroaches
  A gnoll zombie (Ossuary)
  5 hobgoblins
  9 jackals
  3 quokkas (D:2)
  A ball python (D:1)
  4 frilled lizards
  5 goblins
  2 goblin zombies (Ossuary)
  A hobgoblin zombie (Ossuary)
  4 jackal zombies (Ossuary)
  8 kobolds
  2 kobold zombies (Ossuary)
  5 rats
  A rat zombie (Ossuary)
101 creatures vanquished.

Vanquished Creatures (collateral kills)
  A bullfrog (D:7)
1 creature vanquished.

Grand Total: 102 creatures vanquished

Notes
Turn   | Place    | Note
-------+----------+-------------------------------------------
     0 | D:1      | ReteAZ the Gnoll Chaos Knight began the quest for the Orb.
     0 | D:1      | Reached XP level 1. HP: 23/23 MP: 1/1
     2 | D:1      | Noticed a gargoyle
     2 | D:1      | Noticed a draconian
     4 | D:1      | Noticed a felid
     6 | D:1      | Noticed a human
     6 | D:1      | Noticed a ghoul
     8 | D:1      | Noticed a naga
     8 | D:1      | Noticed an octopode
    10 | D:1      | Noticed a vine stalker
    12 | D:1      | Noticed a formicid
    12 | D:1      | Noticed a vampire
    14 | D:1      | Noticed a demigod
    14 | D:1      | Noticed a demonspawn
    16 | D:1      | Noticed a centaur
    16 | D:1      | Noticed a halfling
    18 | D:1      | Noticed a tengu
    18 | D:1      | Noticed an elf
    20 | D:1      | Noticed an ogre
    20 | D:1      | Noticed a merfolk
    22 | D:1      | Noticed a dwarf
    24 | D:1      | Noticed a spriggan
    26 | D:1      | Noticed a minotaur
    26 | D:1      | Noticed a troll
   145 | D:1      | Reached XP level 2. HP: 29/29 MP: 2/2
   216 | D:1      | XOM: harmless Chrm miscast
   246 | D:1      | XOM: harmless Summ miscast
   270 | D:1      | XOM: divination: detect creatures
   275 | D:1      | XOM: smoke on damage
   312 | D:1      | Reached XP level 3. HP: 8/35 MP: 3/3
   629 | D:1      | XOM: harmless Conj miscast
   884 | D:2      | XOM: divination: detect items
  1005 | D:2      | Reached skill level 1 in Invocations
  1018 | D:2      | XOM: fake destruction
  1179 | D:2      | Reached skill level 1 in Short Blades
  1179 | D:2      | Reached skill level 1 in Long Blades
  1179 | D:2      | Reached skill level 1 in Axes
  1179 | D:2      | Reached skill level 1 in Maces & Flails
  1179 | D:2      | Reached skill level 1 in Polearms
  1179 | D:2      | Reached skill level 1 in Staves
  1179 | D:2      | Reached skill level 1 in Slings
  1179 | D:2      | Reached skill level 1 in Bows
  1179 | D:2      | Reached skill level 1 in Crossbows
  1179 | D:2      | Reached skill level 1 in Throwing
  1179 | D:2      | Reached skill level 1 in Stealth
  1179 | D:2      | Reached skill level 1 in Shields
  1179 | D:2      | Reached skill level 1 in Spellcasting
  1179 | D:2      | Reached skill level 1 in Evocations
  1217 | D:2      | Reached XP level 4. HP: 31/41 MP: 5/5
  1489 | D:2      | XOM is BORED!
  1489 | D:2      | XOM: swap monsters
  1492 | D:2      | Reached skill level 1 in Conjurations
  1492 | D:2      | Reached skill level 1 in Hexes
  1492 | D:2      | Reached skill level 1 in Charms
  1492 | D:2      | Reached skill level 1 in Summonings
  1492 | D:2      | Reached skill level 1 in Necromancy
  1492 | D:2      | Reached skill level 1 in Translocations
  1492 | D:2      | Reached skill level 1 in Transmutations
  1492 | D:2      | Reached skill level 1 in Fire Magic
  1492 | D:2      | Reached skill level 1 in Ice Magic
  1492 | D:2      | Reached skill level 1 in Air Magic
  1492 | D:2      | Reached skill level 1 in Earth Magic
  1492 | D:2      | Reached skill level 1 in Poison Magic
  1495 | D:2      | XOM: butterfly on damage
  1537 | D:2      | XOM: harmless Chrm miscast
  1833 | D:3      | Reached XP level 5. HP: 43/47 MP: 6/6
  1865 | D:3      | XOM: god gift: 15 sling bullets
  2101 | D:3      | XOM: butterfly on damage
  2155 | D:3      | XOM: mild Tmut miscast
  2568 | D:3      | XOM: give mutations
  2568 | D:3      | Gained mutation: Scrolls take you a little longer to read.
                  | [Xom's mischief]
  2568 | D:3      | Gained mutation: You have sharp fingernails. [Xom's
                  | mischief]
  2568 | D:3      | Lost mutation: Scrolls take you a little longer to read.
                  | [Xom's mischief]
  2955 | D:4      | Reached XP level 6. HP: 52/53 MP: 8/8
  2967 | D:4      | You fall into a shaft and drop 3 floors!
  3054 | D:7      | XOM: divination: magic mapping
  3072 | D:7      | XOM: divination: magic mapping
  3085 | D:7      | Reached skill level 5 in Armour
  3091 | D:7      | XOM: summons friendly white imp
  3210 | D:7      | XOM: 1-stop teleportation journey
  3264 | D:7      | Reached XP level 7. HP: 51/59 MP: 10/10
  3287 | D:7      | Found a transporter.
  3302 | D:7      | Found a transporter.
  3408 | D:6      | Found a sacrificial altar of Ru.
  3429 | D:5      | Entered Level 5 of the Dungeon
  3473 | D:5      | Found a sand-covered staircase.
  3478 | Ossuary  | Entered an ossuary
  3759 | Ossuary  | XOM: god gift: book of Geomancy
  3827 | Ossuary  | XOM: confuse monster(s)
  3918 | D:5      | XOM: polymorph centaur -> bullfrog
  3924 | D:5      | Noticed Menkaure
  3925 | D:5      | HP: 2/60 [gnoll/+0 spear (4)]
  3925 | D:5      | Slain by a gnoll

Levels and vault maps discovered:
D:1:      kb_arrival_jail, layout_basic, interstate_on_off
D:2:      layout_basic, first_ration, st_stairs_14, minmay_tetromino_o4
D:3:      layout_basic
D:4:      layout_cave_pools, temple_pool_b, kennysheep_generic_room_15,
          uniq_edmund
D:5:      layout_loops_ring, gammafunk_temple_overflow_wave,
          nicolae_ossuary_entry_plus, minivault_27, uniq_menkaure, uniq_ijyb
D:6:      wad_guarded_room, layout_basic, vehumet_crystals, grunt_ministairs_4,
          nicolae_ru_awakened_eye
D:7:      gammafunk_steamed_eel, layout_basic

Skill      XL: |  1  2  3  4  5  6  7 |
---------------+----------------------+-----
Invocations    | 1 2 |  2.7
Short Blades   | 1 2 |  2.5
Long Blades    | 1 2 |  2.5
Axes           | 1 2 |  2.5
Maces & Flails | 1 2 |  2.5
Polearms       | 1 2 |  2.5
Staves         | 1 2 |  2.5
Slings         | 1 2 |  2.5
Bows           | 1 2 |  2.5
Crossbows      | 1 2 |  2.5
Throwing       | 1 2 |  2.5
Stealth        | 1 2 |  2.5
Shields        | 1 2 |  2.5
Spellcasting   | 1 2 |  2.5
Evocations     | 1 2 |  2.5
Conjurations   | 1 2 |  2.0
Hexes          | 1 2 |  2.0
Charms         | 1 2 |  2.0
Summonings     | 1 2 |  2.0
Necromancy     | 1 2 |  2.0
Translocations | 1 2 |  2.0
Transmutations | 1 2 |  2.0
Fire Magic     | 1 2 |  2.0
Ice Magic      | 1 2 |  2.0
Air Magic      | 1 2 |  2.0
Earth Magic    | 1 2 |  2.0
Poison Magic   | 1 2 |  2.0
Dodging        | 3 |  3.6
Armour         | 5 |  5.2
Fighting       | 7 |  7.0
Unarmed Combat | 7 |  7.0

Action                   |  1- 3 |  4- 6 |  7- 9 || total
-------------------------+-------+-------+-------++-------
Melee: Unarmed           |    99 |   125 |    91 ||   315
       Bite              |    11 |    17 |    17 ||    45
       Punch             |     1 |     4 |     6 ||    11
       Dagger            |    14 |       |       ||    14
  Use: Potion            |       |       |     4 ||     4
 Stab: Sleeping          |       |     1 |       ||     1
       Confused          |       |       |     2 ||     2
  Eat: Chunk             |     1 |     6 |     2 ||     9
Armor: Leather armour    |    13 |       |       ||    13
       Ring mail         |    44 |    45 |    50 ||   139
Dodge: Dodged            |    66 |    85 |   104 ||   255

Table legend:
 A = Non-vault XP
 B = Vault XP
 C = Vault XP percentage of total XP
 D = Non-vault monster count
 E = Vault monster count
 F = Vault count percentage of total count
                 A         B        C        D         E       F
            +---------+---------+-------+---------+---------+-------
      Total |     802 |     120 |  13.0 |      82 |      20 |  19.6
            +---------+---------+-------+---------+---------+-------
        D:1 |      44 |       0 |   0.0 |      24 |       0 |   0.0
        D:2 |      92 |      14 |  13.2 |      21 |       4 |  16.0
        D:3 |      98 |       0 |   0.0 |      13 |       0 |   0.0
        D:4 |     134 |       0 |   0.0 |       3 |       0 |   0.0
        D:5 |      76 |       0 |   0.0 |       5 |       0 |   0.0
        D:6 |      89 |       0 |   0.0 |       4 |       0 |   0.0
        D:7 |     269 |       0 |   0.0 |      12 |       0 |   0.0
    Ossuary |       0 |     106 | 100.0 |       0 |      16 | 100.0
            +---------+---------+-------+---------+---------+-------
